Map: Alcyone LE

Players

RockMan - Winner!

  • Race: Zerg Zerg
  • League: Diamond
  • Spawn Location: 1:00

LowSkilled

  • Race: Protoss Protoss
  • League: Master
  • Spawn Location: 7:00

VOD

Have the link to the VOD?

Description

Time

  • Played on: April 24, 2024, 2:47 a.m.
  • Length: 20:56
Show
View Real Time Build Order
Export as new Build Order

RockMan Zerg - Winner!

Build Orders: 3 Hatch before Pool, Lurkers, Roach Hydra 

Get SALT Encoding   

  12  0:00  Drone  
  13  0:12  Overlord  
  13  0:16  Drone  
  14  0:30  Drone x2  
  16  0:50  Hatchery  
  16  0:52  Drone  
  16  0:56  Drone  
  17  1:19  Hatchery  
  17  1:22  Drone  
  17  1:25  Drone  
  18  1:36  Extractor  
  17  1:41  Spawning Pool  
  17  1:44  Drone  
  17  1:47  Drone  
  17  1:50  Drone  
  19  1:55  Drone  
  20  2:02  Drone  
  21  2:14  Overlord  
  21  2:17  Drone  
  22  2:30  Drone x2  
  22  2:31  Queen  
  22  2:32  Zergling x2  
  22  2:34  Drone x2  
  29  2:47  Drone  
  29  2:48  Zergling x2  
  29  2:49  Metabolic Boost  
  30  3:14  Drone  
  30  3:15  Overlord, Drone x4  
  30  3:16  Queen x2  
  38  3:39  Drone  
  38  3:40  Overlord, Drone x2  
  41  3:46  Spore Crawler  
  41  3:48  Spore Crawler  
  37  3:58  Drone x3  
  37  4:01  Zergling x2, Hatchery  
  40  4:10  Drone  
  40  4:11  Drone x2  
  40  4:15  Queen  
  45  4:17  Extractor  
  45  4:18  Extractor  
  45  4:19  Lair  
  45  4:22  Evolution Chamber  
  41  4:36  Drone x2  
  41  4:38  Extractor  
  42  4:39  Zergling x2  
  42  4:45  Spore Crawler  
  42  4:48  Drone x2  
  42  4:49  Drone  
  45  4:53  Zerg Missile Weapons Level 1  
  45  4:54  Roach Warren  
  44  5:12  Overlord  
  44  5:13  Drone x4  
  44  5:14  Drone x2  
  50  5:16  Overlord  
  50  5:30  Overlord, Hydralisk Den  
  49  5:36  Drone  
  49  5:37  Drone x5, Spore Crawler  
  54  5:49  Glial Reconstitution  
  54  5:51  Drone  
  54  5:54  Drone  
  56  6:04  Zergling x2  
  56  6:05  Zergling x6  
  55  6:25  Muscular Augments  
  55  6:31  Drone x6  
  61  6:38  Queen  
  63  6:41  Spine Crawler  
  63  6:42  Roach x2, Hydralisk x2  
  63  6:43  Roach x2  
  74  6:50  Extractor  
  73  6:58  Hatchery  
  73  6:59  Roach x3  
  70  7:06  Hydralisk x3  
  70  7:07  Hydralisk  
  67  7:12  Roach x2  
  67  7:13  Roach  
  54  7:24  Roach  
  54  7:25  Roach x8  
  56  7:39  Roach x5  
  48  7:59  Drone  
  48  8:00  Drone x7  
  56  8:19  Grooved Spines  
  56  8:21  Drone x3  
  59  8:28  Drone x2  
  61  8:34  Drone  
  61  8:36  Drone x3  
  61  8:39  Drone x2  
  67  8:54  Drone x5  
  72  8:56  Drone x3  
  75  9:04  Drone  
  75  9:07  Zerg Ground Armor Level 1  
  76  9:11  Drone  
  76  9:12  Drone x3  
  80  9:20  Overlord x2  
  80  9:22  Overlord  
  78  9:36  Drone x2  
  80  9:40  Drone x2  
  82  9:47  Hydralisk  
  82  9:48  Hydralisk x4  
  82  9:52  Drone x3, Queen  
  95  9:54  Overlord  
  95  9:55  Queen  
  95  9:57  Queen  
  101  10:00  Drone  
  99  10:19  Drone x2  
  100  10:23  Spore Crawler  
  96  10:39  Drone x6  
  96  10:40  Drone  
  102  10:55  Drone x3  
  105  11:07  Zerg Missile Weapons Level 2  
  105  11:08  Hydralisk x4, Lurker Den  
  112  11:15  Overlord  
  112  11:16  Overlord x4  
  112  11:25  Spine Crawler  
  111  11:26  Drone  
  111  11:27  Overlord  
  112  11:33  Queen  
  112  11:35  Overseer  
  114  11:40  Drone  
  114  11:41  Drone  
  114  11:45  Hydralisk x5  
  126  11:59  Hydralisk  
  126  12:00  Hydralisk  
  126  12:01  Spine Crawler x2  
  129  12:02  Spine Crawler x2  
  129  12:03  Spine Crawler  
  129  12:05  Spine Crawler  
  104  12:29  Hatchery  
  84  12:37  Lurker  
  84  12:38  Lurker x3  
  58  13:09  Hydralisk x3  
  58  13:10  Hydralisk x3  
  70  13:26  Hydralisk x2  
  71  13:29  Extractor  
  71  13:30  Extractor  
  69  13:51  Hydralisk x3  
  75  14:02  Extractor  
  74  14:03  Drone x3  
  74  14:04  Queen  
  79  14:12  Infestation Pit  
  78  14:20  Drone x3  
  81  14:37  Drone x3  
  84  15:04  Hive, Hatchery  
  83  15:07  Overlord x2  
  83  15:08  Overlord, Hydralisk x5  
  83  15:10  Drone  
  83  15:13  Lurker x3  
  97  15:39  Drone x3  
  97  15:45  Hydralisk x4  
  97  15:46  Hydralisk x2  
  97  15:47  Overlord x3  
  109  15:55  Drone x2  
  111  16:00  Drone  
  111  16:03  Hatchery  
  111  16:07  Drone, Extractor  
  111  16:14  Drone x3  
  111  16:15  Overlord  
  111  16:16  Overlord x3  
  114  16:19  Viper x4  
  123  16:35  Lurker x2  
  111  16:55  Seismic Spines  
  110  17:19  Lurker x6  
  98  18:07  Lurker x5  
  103  18:13  Drone  
  103  18:14  Drone x5  
  106  19:03  Overseer x3  
  106  19:50  Hydralisk x6  
  118  20:11  Lurker x4  
Show
View Real Time Build Order
Export as new Build Order

LowSkilled Protoss 

Build Orders: Phoenix Opening 

Get SALT Encoding   

  12  0:00  Probe  
  13  0:12  Probe  
  14  0:21  Pylon  
  14  0:24  Probe  
  15  0:39  Probe (Chrono Boost)  
  15  0:41  Gateway  
  16  0:50  Assimilator  
  16  0:51  Probe (Chrono Boost)  
  17  0:58  Probe (Chrono Boost)  
  18  1:05  Probe  
  19  1:18  Probe  
  20  1:32  Cybernetics Core  
  20  1:33  Zealot, Gateway  
  20  1:36  Probe (Chrono Boost)  
  20  1:38  Pylon  
  23  1:48  Assimilator  
  23  1:54  Probe  
  24  2:07  Probe (Chrono Boost)  
  25  2:13  Adept  
  27  2:18  Probe (Chrono Boost)  
  30  2:23  Probe (Chrono Boost)  
  31  2:32  Stargate  
  31  2:38  Shield Battery  
  31  2:41  Shield Battery  
  31  2:48  Probe  
  30  3:00  Probe  
  31  3:10  Pylon  
  31  3:13  Probe  
  31  3:28  Probe, Adept x2  
  35  3:35  Pylon  
  35  3:39  Phoenix  
  37  3:42  Probe  
  37  3:44  Robotics Facility  
  38  3:49  Warp Gate (Chrono Boost)  
  38  3:56  Probe  
  39  4:09  Probe  
  40  4:21  Probe  
  40  4:31  Observer (Chrono Boost)  
  40  4:36  Gateway  
  40  4:37  Gateway  
  41  4:39  Gateway  
  41  4:41  Twilight Council  
  41  4:44  Gateway  
  41  4:50  Oracle  
  44  4:57  Probe  
  45  5:15  Charge (Chrono Boost)  
  45  5:17  Warp Prism  
  45  5:20  Templar Archives  
  47  5:32  Nexus  
  47  6:06  Assimilator  
  47  6:09  Assimilator, Pylon  
  47  6:12  Robotics Bay  
  46  6:18  Probe  
  44  6:29  Zealot x4  
  44  6:30  Probe  
  53  6:44  Probe x2  
  53  6:45  Pylon  
  55  6:55  Zealot x3  
  61  7:07  Zealot x2  
  59  7:15  Zealot x3  
  59  7:17  Probe x2  
  65  7:30  Zealot x2  
  67  7:41  Zealot x3  
  67  7:42  Probe x2  
  67  7:54  Probe  
  67  7:56  Probe  
  57  8:03  High Templar x2  
  57  8:04  High Templar x2  
  57  8:05  Zealot  
  67  8:06  Probe  
  67  8:07  Archon  
  67  8:08  Archon  
  68  8:14  Probe  
  69  8:32  Probe x2, Psionic Storm  
  69  8:33  Nexus  
  71  8:36  Zealot x3  
  77  8:45  Pylon  
  77  8:47  Pylon  
  77  8:52  Observer  
  78  9:03  Oracle  
  78  9:05  Probe x2  
  83  9:18  Stalker x4  
  91  9:29  Probe x2  
  93  9:34  Extended Thermal Lance (Chrono Boost)  
  93  9:39  Disruptor (Chrono Boost), Pylon  
  93  9:40  Pylon  
  93  9:43  Pylon  
  97  9:51  Probe x2  
  99  9:59  Probe  
  100  10:03  Assimilator, Probe x2  
  100  10:06  Pylon  
  102  10:08  Disruptor (Chrono Boost), Assimilator  
  102  10:11  Probe  
  107  10:17  Probe x2  
  107  10:20  Zealot x3  
  115  10:23  Probe  
  116  10:29  Probe  
  116  10:44  Shield Battery x2  
  116  10:46  Pylon  
  116  10:48  Zealot x4  
  116  10:49  Zealot  
  124  10:52  Colossus (Chrono Boost)  
  130  11:01  Pylon  
  130  11:02  Gravitic Boosters (Chrono Boost)  
  130  11:05  Forge  
  130  11:06  Pylon  
  130  11:07  Pylon  
  130  11:14  Forge  
  130  11:27  High Templar x4, Zealot  
  130  11:32  Nexus  
  140  11:52  Gravitic Drive  
  140  12:13  Colossus, Zealot x5  
  132  12:41  Zealot x5  
  132  12:43  Archon  
  104  13:05  Colossus (Chrono Boost)  
  104  13:12  Gateway x2  
  104  13:13  Pylon  
  104  13:15  Nexus  
  104  13:16  Gateway  
  104  13:17  Pylon  
  104  13:18  Assimilator  
  104  13:19  Assimilator  
  102  13:30  Protoss Ground Weapons Level 1 (Chrono Boost), Protoss Ground Armor Level 1 (Chrono Boost)  
  102  13:32  Zealot x5  
  112  13:44  Photon Cannon x2  
  112  13:46  Photon Cannon  
  112  13:47  Shield Battery  
  108  13:48  Shield Battery  
  108  13:50  Shield Battery  
  108  13:51  Colossus (Chrono Boost)  
  108  13:52  Probe x2 (Chrono Boost)  
  108  13:53  Probe (Chrono Boost)  
  117  14:02  Probe x3 (Chrono Boost)  
  120  14:07  Probe x3 (Chrono Boost)  
  123  14:25  Robotics Facility  
  123  14:35  Photon Cannon  
  123  14:36  Photon Cannon  
  123  14:38  Photon Cannon  
  123  14:40  Photon Cannon  
  123  14:42  Photon Cannon  
  123  14:43  Observer (Chrono Boost)  
  123  14:45  High Templar x7  
  136  14:49  Archon x3  
  136  14:50  Colossus (Chrono Boost)  
  144  15:09  Sentry  
  146  15:17  Protoss Ground Weapons Level 2 (Chrono Boost)  
  146  15:18  Protoss Ground Armor Level 2 (Chrono Boost)  
  146  15:30  Probe x2  
  148  15:36  Disruptor (Chrono Boost)  
  152  15:51  Stalker x8  
  152  15:52  Disruptor (Chrono Boost)  
  172  16:06  Disruptor (Chrono Boost)  
  176  16:11  Probe x2  
  178  16:21  Observer  
  179  16:34  Nexus  
  179  16:37  Assimilator, Observer  
  179  16:39  Assimilator  
  180  17:07  Pylon  
  180  17:09  Pylon  
  180  17:11  Stalker x7  
  194  17:21  Observer x2  
  183  17:50  Protoss Ground Weapons Level 3  
  183  17:51  Protoss Ground Armor Level 3  
  173  18:02  Colossus (Chrono Boost)  
  173  18:03  Colossus (Chrono Boost)  
  185  18:22  Zealot x2  
  185  18:23  Zealot x3  
  173  18:43  Zealot x8  
  173  18:45  Colossus (Chrono Boost), Disruptor (Chrono Boost)  
  195  19:06  Cybernetics Core  
  195  19:09  Gateway  
  195  19:17  Photon Cannon  
  195  19:19  Photon Cannon  
  195  19:21  Photon Cannon  
  195  19:22  Photon Cannon  
  195  19:26  Photon Cannon  
  195  19:27  Shield Battery  
  195  19:28  Shield Battery  
  195  19:30  Shield Battery  
  195  19:32  Shield Battery  
  195  19:33  Disruptor  
  197  19:42  Observer  
  168  19:59  Observer  
  137  20:06  Zealot x9  
  98  20:08  Observer (Chrono Boost)  
  89  20:17  Observer (Chrono Boost)  
  90  20:23  Disruptor (Chrono Boost)  
  70  20:33  Stalker x7  
  70  20:34  Stalker  
  81  20:43  Gateway x2  
  81  20:45  Gateway  
  81  20:46  Gateway  
Tags
 
Add a new tag
Caveats
  • Supply blocks, unpowered buildings, or Contaminate may cause inaccurate times.
  • Supply counts are checked every 10 seconds.